AoeStats
← Nefurious Weasel

Glade

510664653Analyzed
1v1 RM · 2d ago on Oct 2, 2026· 28m 36s· 2 players
Game mode
Random Map
Map size
Tiny (2 player)
Population
200
Speed
Normal
Resources
Standard
Victory
Conquest
Starting age
Dark Age
Ending age
Imperial Age
RankedLock teamsTeams togetherTeam positionsShared explorationLock speedFull tech treeHidden civsTurbo modeCheats
Victory
Defeat
🇮🇳 Portuguese · India
594
+16
🇺🇸 Teutons · United States
586
-32
Nefurious Weasel
4:57 Loom
10:49 Feudal Age
9:11 Loom
11:47 Loom
13:00 Horse Collar
13:34 Man-at-Arms
15:39 Wheelbarrow
16:53 Fletching
21:12 Castle Age
24:40 Pikeman
26:02 Bodkin Arrow
kabirphadke
0:30 Loom
3:10 Loom
12:13 Feudal Age
16:49 Castle Age
18:55 Double-Bit Axe
19:38 Stone Mining
21:17 Wheelbarrow
20:50 Gold Mining
21:42 Fletching
23:08 Hand Cart
22:41 Town Watch
Connection lost

Rejoining the realm…

Still unreachable

The connection could not be restored.

Session expired

The server has moved on; the page needs a fresh start.